 Dungeon Crawl Stone Soup version 0.32-a0-519-g08f29ac1c3 (webtiles) character file.

Game seed: 1402735816708814308

109 TheScarabGod the Slasher (level 4, 0/35 HPs)
             Began as a Coglin Warper on Feb 28, 2024.
             Slain by Grinder (6 damage)
             ... while paralysed by Grinder
             ... on level 3 of the Dungeon.
             The game lasted 00:02:07 (1943 turns).

TheScarabGod the Slasher (Coglin Warper)            Turns: 1943, Time: 00:02:07

Health: 0/35       AC:  5    Str: 11    XL:     4   Next: 90%
Magic:  6/6        EV:  2    Int: 13    God:
Gold:   124        SH:  0    Dex: 15    Spells: 6/6 levels left

rFire   . . .        a - +0 falchion {Gota}
rCold   . . .        e - +3 dagger {Arun}
rNeg    . . .        t - +0 ring mail
rPois   .            (no helmet)
rElec   .            (no cloak)
rCorr   .            (no gloves)
SInv    .            (no boots)
Will    .....        (no amulet)
Stlth   +            (ring unavailable)
HPRegen 0.25/turn    (ring unavailable)
MPRegen 0.10/turn

%: no passive effects
@: paralysed, revved
A: off-hand wielding, slow wielding, warmup strikes, no rings
a: no special abilities


You were on level 3 of the Dungeon.
You visited 1 branch of the dungeon, and saw 3 of its levels.

You collected 154 gold pieces.
You spent 30 gold pieces at shops.

Inventory:

Hand Weapons
 a - a +0 falchion (weapon) {Gota}
 e - a +3 dagger (offhand) {Arun}
Missiles
 d - 7 darts of dispersal (quivered)
 s - 7 poisoned darts
Armour
 b - a +0 leather armour
 t - a +0 ring mail (worn)
Scrolls
 c - a scroll of blinking {@r4}
 f - a scroll of fog {unknown}
 i - a scroll of fear {unknown}
 j - a scroll of identify {unknown}
 k - 2 scrolls of teleportation {@r3}
 m - a scroll of amnesia {unknown}
 n - a scroll of enchant armour {unknown}
 o - 2 scrolls of vulnerability {unknown}
 p - a scroll of immolation {unknown}
Potions
 g - 4 potions of curing {unknown}
 h - 2 potions of might {unknown}
 l - a potion of mutation {unknown}
 q - 2 potions of heal wounds {unknown}
 r - a potion of berserk rage {unknown}


   Skills:
 + Level 3.2 Fighting
 * Level 4.1 Long Blades
 - Level 0.8 Throwing
 - Level 0.8 Armour
 - Level 1.7 Dodging
 - Level 1.7 Spellcasting
 - Level 3.0 Translocations


You had 6 spell levels left.
You didn't know any spells.
Your spell library contained the following spells:

 Spells                   Type           Power      Damage    Failure   Level
 Blink                    Tloc           16%        N/A       28%         2
 Lesser Beckoning         Tloc           16%        N/A       28%         2
 Teleport Other           Tloc           8%         N/A       50%         3
 Manifold Assault         Tloc           8%         N/A       88%         4
 Vhi's Electric Charge    Tloc/Air       10%        N/A       98%         4


Dungeon Overview and Level Annotations

Branches:
Dungeon (3/15)

Altars:
Qazlal

Shops:
D:1 *

Annotations:
D:3 Grinder


Innate Abilities, Weirdness & Mutations

You can wield a second weapon in your off-hand.
It takes a long time for you to wield or remove held weapons.
Your first few attacks do less damage.
Your grasper-arms cannot wear rings.


Message History

You closely miss Grinder with your +0 falchion.
Grinder is lightly wounded.
You barely miss Grinder with your +3 dagger.
Grinder blinks!
Grinder blinks!
Unknown command.
You barely miss Grinder with your +0 falchion.
Grinder is lightly wounded.
You closely miss Grinder with your +3 dagger.
Grinder barely misses you.
You hit Grinder with your +3 dagger.
Grinder is lightly wounded.
You hit Grinder with your +0 falchion. Grinder hits you but does no damage.
You closely miss Grinder with your +3 dagger.
Grinder is moderately wounded.
You hit Grinder with your +0 falchion. Grinder completely misses you.
You slash Grinder with your +0 falchion!
Grinder is severely wounded.
You hit Grinder with your +3 dagger. Grinder gestures at you.
Pain shoots through your body!
You hit Grinder but do no damage.
Grinder is severely wounded.
You closely miss Grinder with your +0 falchion.
Grinder hits you.
You writhe in agony.
You hit Grinder with your +0 falchion.
Grinder is severely wounded.
You hit Grinder but do no damage. Grinder hits you.
* * * LOW HITPOINT WARNING * * *
You writhe in agony.
* * * LOW HITPOINT WARNING * * *
You hit Grinder with your +0 falchion.
Grinder is severely wounded.
You hit Grinder but do no damage.
Grinder says, "You look like you could use a good racking."
Grinder gestures at you.
You suddenly lose the ability to move!
Grinder hits you.
You die...
Grinder says, "Now the real fun starts!"

# #..## #.###. # #.####...##
#..... #.### #.........##
##.#.#. #....# ###.......##
##..#.#.
≈≈≈≈≈.####.........####.....#.
≈≈≈≈≈≈...'.........'..........
..g.≈≈≈.##.........####.......
.....≈≈.###.......## ##.#.###
###..≈≈.# ##.@...## ###.#
#.g≈≈.# ##.5.## .# +..≈≈≈.
##'## .# #..≈≈≈# #.# #####≈≈
#.# #≈≈ #.# +.. ... ... ...


You could see Grinder.

Vanquished Creatures
  5 adders
  A ribbon worm (D:2)
  7 ball pythons
  4 bats (D:1)
  3 endoplasms
  4 giant cockroaches
  3 goblins
  7 hobgoblins
  7 jackals
  9 kobolds
  A quokka (D:2)
  4 frilled lizards
55 creatures vanquished.

Notes
Turn   | Place    | Note
-------+----------+-------------------------------------------
     0 | D:1      | TheScarabGod the Coglin Warper began the quest for the Orb.
     0 | D:1      | Reached XP level 1. HP: 16/16 MP: 3/3
   149 | D:1      | Reached XP level 2. HP: 22/22 MP: 4/4
   368 | D:1      | Found a transporter.
   373 | D:1      | Found Xacaf's General Store.
   469 | D:1      | Found a transporter.
   557 | D:1      | Reached skill level 3 in Long Blades
   557 | D:1      | Reached XP level 3. HP: 26/28 MP: 5/5
   687 | D:1      | Bought a scroll of teleportation for 30 gold pieces
   964 | D:2      | Reached XP level 4. HP: 26/34 MP: 6/6
  1398 | D:3      | Reached skill level 4 in Long Blades
  1672 | D:3      | Found a stormy altar of Qazlal.
  1927 | D:3      | Noticed Grinder
  1929 | D:3      | Paralysed by Grinder for 4 turns
  1942 | D:3      | Paralysed by Grinder for 5 turns
  1943 | D:3      | Slain by Grinder

Illustrated notes

Levels and vault maps discovered:
D:1:      psy_arrival_dodecagon, layout_basic, serial_shops,
          nicolae_shop_drivethru, minmay_crystal_room
D:2:      layout_rooms
D:3:      kennysheep_goblin_castle, layout_loops_corners,
          mainiacjoe_overflow_alcove_1, moated_statue, uniq_robin, uniq_grinder

Skill      XL: |  1  2  3  4 |
---------------+-------------+-----
Long Blades    | 3 4 |  4.1
Fighting       | 3 |  3.2
Throwing       | |  0.8
Armour         | |  0.8
Dodging        | |  1.7
Spellcasting   | |  1.7
Translocations | |  3.0

Action                     |  1- 3 |  4- 6 || total
---------------------------+-------+-------++-------
  Melee: Dagger            |    74 |    45 ||   119
         Falchion          |    72 |    51 ||   123
 Armour: Leather armour    |    40 |    19 ||    59
         Ring mail         |       |    13 ||    13
  Dodge: Dodged            |    38 |    29 ||    67

Table legend: (Time is in decaauts)
 A = Elapsed time spent in this place.
 B = Non-inter-level travel time spent in this place.
 C = Inter-level travel time spent in this place.
 D = Time resting spent in this place.
 E = Time spent auto-exploring this place.
 F = Levels seen in this place.
 G = Mean time per level.
                   A        B        C        D        E       F      G
               +--------+--------+--------+--------+--------+-----+--------+
         Total |   1946 |   1873 |     73 |    140 |   1407 |   3 |  648.7 |
       Dungeon |   1946 |   1873 |     73 |    140 |   1407 |   3 |  648.7 |
               +--------+--------+--------+--------+--------+-----+--------+

Top non-repeatable levels by time:
     D:1: 698 daAuts
     D:3: 645 daAuts
     D:2: 602 daAuts
